Map: Blood Boil LE

Players

Scahote - Winner!

  • Race: Zerg Zerg
  • League: Platinum
  • Spawn Location: 5:00

Duttles

  • Race: Protoss Protoss
  • League: Platinum
  • Spawn Location: 11:00

VOD

Have the link to the VOD?

Description

Time

  • Played on: July 19, 2017, 10:39 p.m.
  • Length: 6:27
Show
View Real Time Build Order
Export as new Build Order

Scahote Zerg - Winner!

Build Orders: Pool First 

Get SALT Encoding   

  12  0:00  Unknown  
  12  0:01  Drone  
  13  0:14  Overlord  
  13  0:17  Drone  
  14  0:33  Drone  
  14  0:34  Drone  
  16  0:36  Drone  
  16  0:39  Extractor  
  16  0:47  Drone  
  17  0:53  Spawning Pool  
  16  0:57  Drone  
  17  1:23  Hatchery  
  16  1:29  Drone  
  17  1:33  Drone x2  
  19  1:45  Queen  
  21  1:50  Zergling x2  
  22  2:02  Roach Warren  
  22  2:04  Drone  
  22  2:11  Overlord  
  22  2:19  Overlord  
  22  2:42  Roach x3  
  28  2:46  Roach  
  28  2:49  Roach  
  32  2:57  Roach x2  
  36  3:02  Roach  
  36  3:04  Roach  
  40  3:10  Overlord  
  40  3:21  Zergling x4  
  40  3:22  Zergling x2  
  43  3:27  Metabolic Boost  
  43  3:32  Zergling x2  
  44  3:39  Ravager  
  44  3:41  Zergling x4  
  46  3:46  Overlord  
  47  3:59  Ravager  
  47  4:01  Zergling x6  
  47  4:02  Zergling x2  
  50  4:19  Zergling x2  
  50  4:20  Zergling x8  
  52  4:32  Ravager  
  52  4:33  Zergling x4  
  55  4:38  Zergling x2  
  55  4:45  Zergling x2  
  54  4:54  Zergling x2  
  54  4:55  Zergling x2  
  50  5:18  Zergling x2  
  50  5:19  Zergling x10  
  56  5:25  Zergling x2  
  57  5:32  Zergling x4  
  59  5:47  Zergling x4  
  59  5:50  Overlord x2  
  59  5:53  Ravager  
  60  6:04  Zergling x2  
Show
View Real Time Build Order
Export as new Build Order

Duttles Protoss 

Build Orders: 1 Gate Expand 

Get SALT Encoding   

  12  0:00  Unknown  
  12  0:01  Probe (Chrono Boost)  
  13  0:11  Probe (Chrono Boost)  
  14  0:19  Pylon  
  14  0:22  Probe (Chrono Boost)  
  15  0:39  Gateway  
  15  0:45  Assimilator, Probe (Chrono Boost)  
  16  0:55  Probe (Chrono Boost)  
  17  1:06  Probe (Chrono Boost)  
  18  1:25  Nexus  
  18  1:42  Cybernetics Core  
  18  1:52  Gateway  
  18  1:56  Probe (Chrono Boost)  
  19  2:07  Pylon  
  20  2:08  Probe (Chrono Boost)  
  21  2:24  Mothership Core (Chrono Boost)  
  21  2:26  Warp Gate (Chrono Boost)  
  21  2:29  Adept (Chrono Boost)  
  23  2:42  Probe x2  
  27  2:48  Adept (Chrono Boost)  
  27  2:54  Probe  
  27  2:58  Probe  
  28  3:03  Assimilator  
  28  3:05  Twilight Council  
  29  3:07  Probe  
  29  3:08  Probe  
  31  3:19  Probe  
  32  3:20  Probe  
  32  3:22  Stalker  
  35  3:36  Probe  
  35  3:38  Gateway  
  36  3:44  Charge (Chrono Boost)  
  36  3:45  Probe  
  37  3:54  Probe  
  38  4:02  Pylon, Probe  
  39  4:06  Probe  
  40  4:26  Zealot  
  38  4:39  Robotics Facility  
  38  4:40  Probe  
  38  4:41  Probe  
  38  4:43  Zealot, Gateway  
  38  4:45  Gateway  
  42  4:48  Pylon  
  34  5:02  Probe  
  34  5:03  Probe  
  36  5:08  Pylon  
  36  5:16  Zealot  
  36  5:21  Probe  
  29  5:22  Probe  
  29  5:25  Gateway  
  29  5:27  Gateway  
  30  5:33  Cybernetics Core  
  30  5:39  Probe  
  30  5:41  Zealot  
Tags
 
Add a new tag
Caveats
  • Supply blocks, unpowered buildings, or Contaminate may cause inaccurate times.
  • Supply counts are checked every 10 seconds.